TOP OF THE 1ST |
Maui Tropics batting - Pitching for Boston Rebels : RHP Armand Calazzo
|
Pitching: RHP Armand Calazzo
|
|
Batting: RHB Matt Silver
|
0-0: Ground out 5-3 (Groundball, 56)
|
Batting: LHB Luis Antonio Torres
|
0-0: Called Strike 0-1: Ball 1-1: Ball 2-1: Swinging Strike 2-2: Foul Ball, location: 2F 2-2: Ball 3-2: Strikes out swinging
|
Batting: RHB Jesús Espinoza
|
0-0: Fly out, F9 (Line Drive, 9)
|
Top of the 1st over - 0 run(s), 0 hit(s), 0 error(s), 0 left on base; Maui 0 - Boston 0 |
BOTTOM OF THE 1ST |
Boston Rebels batting - Pitching for Maui Tropics : RHP Luis De Los Ángeles
|
Pitching: RHP Luis De Los Ángeles
|
|
Batting: RHB Aaron Washington
|
0-0: Ball 1-0: DOUBLE (Line Drive, 78D)
|
Batting: LHB Bill Wilson
|
0-0: Swinging Strike 0-1: Fly out, F9 (Flyball, 9LM) Runner from 2nd tags up, OUT at 3rd
|
Batting: LHB Bill Wilson
|
0-0: Ball 1-0: DOUBLE (Flyball, 8LXD)
|
Batting: LHB Lorenzo Flores
|
0-0: Fly out, F8 (Flyball, 89M)
|
Bottom of the 1st over - 0 run(s), 2 hit(s), 0 error(s), 1 left on base; Maui 0 - Boston 0 |
TOP OF THE 2ND |
Maui Tropics batting - Pitching for Boston Rebels : RHP Armand Calazzo
|
Batting: RHB Luis Alou
|
0-0: Called Strike 0-1: Ball 1-1: DOUBLE (Flyball, 78D)
|
Batting: LHB José Rivas
|
0-0: Called Strike 0-1: Ball 1-1: DOUBLE (Line Drive, 7LM) Luis Alou scores
|
Batting: RHB José Herrera
|
0-0: Ball 1-0: Called Strike 1-1: Ball 2-1: Ball 3-1: Base on Balls
|
Batting: LHB Anacleto Morillo
|
0-0: Called Strike 0-1: Called Strike 0-2: Fly out, F8 (Flyball, 8RXD) Runner from 2nd tags up, SAFE at 3rd, no throw
|
Batting: RHB Ximena Campos
|
0-0: SINGLE (Groundball, 6MD) José Rivas scores José Herrera to second
|
Batting: LHB Javier Espinoza
|
0-0: Called Strike 0-1: Called Strike 0-2: Strikes out swinging
|
Batting: RHB Matt Silver
|
0-0: Fly out, F9 (Flyball, 9)
|
Top of the 2nd over - 2 run(s), 3 hit(s), 0 error(s), 2 left on base; Maui 2 - Boston 0 |
BOTTOM OF THE 2ND |
Boston Rebels batting - Pitching for Maui Tropics : RHP Luis De Los Ángeles
|
Batting: LHB Miguel Rivería
|
0-0: Ball 1-0: Called Strike 1-1: Ball 2-1: Swinging Strike 2-2: Foul Ball, location: 2F 2-2: Foul Ball, location: 2F 2-2: Ground out 4-3 (Groundball, 4MD)
|
Batting: LHB Arturo Molina
|
0-0: Ball 1-0: Ball 2-0: Foul Ball, location: 2F 2-1: SINGLE (Groundball, 3D)
|
Batting: RHB Gerardo Escobedo
|
0-0: Called Strike 0-1: Grounds into double play, 6-4-3 (Groundball, 6)
|
Bottom of the 2nd over - 0 run(s), 1 hit(s), 0 error(s), 0 left on base; Maui 2 - Boston 0 |
TOP OF THE 3RD |
Maui Tropics batting - Pitching for Boston Rebels : RHP Armand Calazzo
|
Batting: LHB Luis Antonio Torres
|
0-0: Ball 1-0: SINGLE (Groundball, 3S) (infield hit)
|
Batting: RHB Jesús Espinoza
|
0-0: Ball 1-0: Ball 2-0: Foul Ball, location: 2F 2-1: Swinging Strike 2-2: Ball 3-2: Strikes out swinging
|
Batting: RHB Luis Alou
|
0-0: Called Strike 0-1: Grounds into double play, 6-4-3 (Groundball, 6)
|
Top of the 3rd over - 0 run(s), 1 hit(s), 0 error(s), 0 left on base; Maui 2 - Boston 0 |
BOTTOM OF THE 3RD |
Boston Rebels batting - Pitching for Maui Tropics : RHP Luis De Los Ángeles
|
Batting: LHB Ricardo Brandariz
|
0-0: Fly out, F9 (Line Drive, 9D)
|
Batting: RHB Alberto Ramos
|
0-0: Ball 1-0: Called Strike 1-1: Foul Ball, location: 2F 1-2: Foul Ball, location: 2F 1-2: Foul Ball, location: 2F 1-2: Ground out 5-3 (Groundball, 5D)
|
Batting: RHB Aaron Washington
|
0-0: Called Strike 0-1: Ball 1-1: Ground out 4-3 (Groundball, 4)
|
Bottom of the 3rd over - 0 run(s), 0 hit(s), 0 error(s), 0 left on base; Maui 2 - Boston 0 |
TOP OF THE 4TH |
Maui Tropics batting - Pitching for Boston Rebels : RHP Armand Calazzo
|
Batting: LHB José Rivas
|
0-0: Fly out, F7 (Flyball, 7S)
|
Batting: RHB José Herrera
|
0-0: Called Strike 0-1: Ball 1-1: Ball 2-1: Fly out, F7 (Flyball, 7)
|
Batting: LHB Anacleto Morillo
|
0-0: Foul Ball, location: 2F 0-1: Ball 1-1: Foul Ball, location: 2F 1-2: Ball 2-2: Fly out, F6 (Popup, 6)
|
Top of the 4th over - 0 run(s), 0 hit(s), 0 error(s), 0 left on base; Maui 2 - Boston 0 |
BOTTOM OF THE 4TH |
Boston Rebels batting - Pitching for Maui Tropics : RHP Luis De Los Ángeles
|
Batting: LHB Bill Wilson
|
0-0: Ball 1-0: Ball 2-0: Ball 3-0: Called Strike 3-1: Base on Balls
|
Batting: LHB Bill Wilson
|
0-0: Ball 1-0: Ball 2-0: Ball 3-0: Base on Balls Bill Wilson to second
|
Pitching: RHP Brandon Mitchell
|
|
Batting: LHB Lorenzo Flores
|
0-0: SINGLE (Line Drive, 56) Bill Wilson to third Bill Wilson to second Runner from 3rd tries for Home, throw and OUT!
|
Batting: LHB Miguel Rivería
|
0-0: Called Strike 0-1: SINGLE (Line Drive, 9S) Bill Wilson to third Lorenzo Flores to second
|
Batting: LHB Arturo Molina
|
0-0: Called Strike 0-1: Ball 1-1: Fly out, F5 (Popup, 5S)
|
Batting: RHB Gerardo Escobedo
|
0-0: Foul Ball, location: 2F 0-1: SINGLE (Groundball, 4MD) Bill Wilson scores Lorenzo Flores to third Miguel Rivería to second Runner from 3rd tries for Home, SAFE, no throw
|
Batting: LHB Ricardo Brandariz
|
0-0: Ground out 4-3 (Groundball, 4S)
|
Bottom of the 4th over - 2 run(s), 3 hit(s), 0 error(s), 2 left on base; Maui 2 - Boston 2 |
TOP OF THE 5TH |
Maui Tropics batting - Pitching for Boston Rebels : RHP Armand Calazzo
|
Batting: RHB Ximena Campos
|
0-0: Called Strike 0-1: Ball 1-1: Swinging Strike 1-2: Strikes out swinging
|
Batting: LHB Javier Espinoza
|
0-0: Called Strike 0-1: Ball 1-1: Ground out 6-3 (Groundball, 6)
|
Batting: RHB Matt Silver
|
0-0: Bunted foul 0-1: Called Strike 0-2: Foul Ball, location: 2F 0-2: Fly out, F9 (Flyball, 9LS)
|
Top of the 5th over - 0 run(s), 0 hit(s), 0 error(s), 0 left on base; Maui 2 - Boston 2 |
BOTTOM OF THE 5TH |
Boston Rebels batting - Pitching for Maui Tropics : RHP Brandon Mitchell
|
Batting: RHB Alberto Ramos
|
0-0: Foul Ball, location: 2F 0-1: Ball 1-1: Foul Ball, location: 2F 1-2: SINGLE (Line Drive, 3)
|
Batting: RHB Aaron Washington
|
0-0: SINGLE (Groundball, 4MD) Alberto Ramos to second Alberto Ramos to third
|
Batting: LHB Bill Wilson
|
0-0: Ball Aaron Washington is caught stealing 2nd base 1-0: Ball 2-0: Foul Ball, location: 2F 2-1: Foul Ball, location: 2F 2-2: Foul Ball, location: 2F 2-2: Ground out 4-3 (Groundball, 4)
|
Batting: LHB Bill Wilson
|
0-0: Foul Ball, location: 2F 0-1: Called Strike 0-2: Foul Ball, location: 2F 0-2: Ball 1-2: Ball Passed Ball! Alberto Ramos scores 2-2: Foul Ball, location: 2F 2-2: Ground out 6-3 (Groundball, 6M)
|
Bottom of the 5th over - 1 run(s), 2 hit(s), 0 error(s), 0 left on base; Maui 2 - Boston 3 |
TOP OF THE 6TH |
Maui Tropics batting - Pitching for Boston Rebels : RHP Armand Calazzo
|
Batting: LHB Luis Antonio Torres
|
0-0: Called Strike 0-1: Fly out, F7 (Flyball, 7LS)
|
Batting: RHB Jesús Espinoza
|
0-0: Ball 1-0: Fly out, F8 (Flyball, 89M)
|
Batting: RHB Luis Alou
|
0-0: Ball 1-0: Ball 2-0: Swinging Strike 2-1: Swinging Strike 2-2: Foul Ball, location: 2F 2-2: Strikes out swinging
|
Top of the 6th over - 0 run(s), 0 hit(s), 0 error(s), 0 left on base; Maui 2 - Boston 3 |
BOTTOM OF THE 6TH |
Boston Rebels batting - Pitching for Maui Tropics : RHP Brandon Mitchell
|
Pitching: RHP César Rúbio
|
|
Batting: LHB Lorenzo Flores
|
0-0: Ball 1-0: Ground out U3 (Groundball, 34)
|
Batting: LHB Miguel Rivería
|
0-0: Ball 1-0: Swinging Strike 1-1: Called Strike 1-2: DOUBLE (Line Drive, 9LS)
|
Batting: LHB Arturo Molina
|
0-0: Intentional Walk
|
Batting: RHB Gerardo Escobedo
|
0-0: Foul Ball, location: 2F 0-1: Ball 1-1: Ball 2-1: Ball 3-1: Base on Balls Miguel Rivería to third Arturo Molina to second
|
Batting: LHB Ricardo Brandariz
|
0-0: Called Strike 0-1: Ball 1-1: SINGLE (Line Drive, 78M) Miguel Rivería scores Arturo Molina to third Gerardo Escobedo to second
|
Batting: RHB Alberto Ramos
|
0-0: Grounds into fielders choice 5-2 (Groundball, 56) Gerardo Escobedo to third Ricardo Brandariz to second
|
Batting: RHB Aaron Washington
|
0-0: Ball 1-0: Ball 2-0: Fielders Choice at 2nd, 4-6 (Groundball, 4)
|
Bottom of the 6th over - 1 run(s), 2 hit(s), 0 error(s), 2 left on base; Maui 2 - Boston 4 |
TOP OF THE 7TH |
Maui Tropics batting - Pitching for Boston Rebels : RHP Armand Calazzo
|
Batting: LHB José Rivas
|
0-0: Ball 1-0: Ball 2-0: Foul Ball, location: 2F 2-1: Ball 3-1: Called Strike 3-2: Base on Balls
|
Batting: RHB José Herrera
|
0-0: Ball 1-0: Called Strike 1-1: Foul Ball, location: 2F 1-2: Ball 2-2: Strikes out swinging
|
Batting: LHB Anacleto Morillo
|
0-0: Ball 1-0: Foul Ball, location: 2F 1-1: Ball 2-1: Ball 3-1: Base on Balls José Rivas to second
|
Batting: RHB Ximena Campos
|
0-0: Ball 1-0: Ball 2-0: Grounds into double play, 6-4-3 (Groundball, 6)
|
Top of the 7th over - 0 run(s), 0 hit(s), 0 error(s), 1 left on base; Maui 2 - Boston 4 |
BOTTOM OF THE 7TH |
Boston Rebels batting - Pitching for Maui Tropics : RHP César Rúbio
|
Batting: LHB Bill Wilson
|
0-0: Swinging Strike 0-1: Ball 1-1: Swinging Strike 1-2: Foul Ball, location: 2F 1-2: Strikes out swinging
|
Batting: LHB Bill Wilson
|
0-0: Ball 1-0: Ball 2-0: Ball 3-0: Base on Balls
|
Pitching: LHP Mark Stewart
|
|
Batting: LHB Lorenzo Flores
|
0-0: Ball 1-0: Ball 2-0: SINGLE (Flyball, 9LM) Bill Wilson to second
|
Batting: LHB Miguel Rivería
|
0-0: Fly out, F8 (Flyball, 8RS)
|
Pitching: RHP John Burris
|
|
Batting: LHB Arturo Molina
|
0-0: Swinging Strike 0-1: Fielders Choice at 2nd, 4-6 (Groundball, 4)
|
Bottom of the 7th over - 0 run(s), 1 hit(s), 0 error(s), 1 left on base; Maui 2 - Boston 4 |
TOP OF THE 8TH |
Maui Tropics batting - Pitching for Boston Rebels : RHP Armand Calazzo
|
Batting: LHB Javier Espinoza
|
0-0: Ball 1-0: Called Strike 1-1: SINGLE (Flyball, 7S)
|
Pitching: LHP Yoshihiro Hasegawa
|
|
Batting: RHB Matt Silver
|
0-0: Called Strike 0-1: Ball 1-1: Called Strike 1-2: Ball 2-2: SINGLE (Line Drive, 6) Javier Espinoza to second
|
Pinch Runner at 2nd Richard Bankhead:
|
|
Pinch Hitting: RHB José Rodríguez
|
0-0: Ball 1-0: Called Strike 1-1: Sac Bunt - play at first, batter OUT! 1-3 Richard Bankhead to third Matt Silver to second
|
Pitching: RHP Carlos Ruíz
|
|
Batting: RHB Jesús Espinoza
|
0-0: Ball 1-0: Foul Ball, location: 2F 1-1: Swinging Strike 1-2: Foul Ball, location: 2F 1-2: Foul Ball, location: 2F 1-2: Ball 2-2: Foul Ball, location: 2F 2-2: Ball 3-2: Foul Ball, location: 2F 3-2: Fly out, F8 (Flyball, 89M) Runner from 3rd tags up, SCORES, no throw
|
Batting: RHB Luis Alou
|
0-0: Ball 1-0: Ball 2-0: 2-RUN HOME RUN (Flyball, 7D), Distance : 410 ft
|
Batting: LHB José Rivas
|
0-0: Ball 1-0: SINGLE (Groundball, 4MD)
|
Batting: RHB José Herrera
|
0-0: Called Strike 0-1: Ball 1-1: Foul Ball, location: 2F 1-2: Foul Ball, location: 2F 1-2: Ball 2-2: Ball 3-2: SINGLE (Groundball, 56D) José Rivas to second José Rivas to third
|
Batting: LHB Anacleto Morillo
|
0-0: Ball 1-0: Foul Ball, location: 2F 1-1: Swinging Strike 1-2: Foul Ball, location: 2F 1-2: Foul Ball, location: 2F 1-2: Fly out, F8 (Flyball, 8RS)
|
Top of the 8th over - 3 run(s), 5 hit(s), 0 error(s), 2 left on base; Maui 5 - Boston 4 |
BOTTOM OF THE 8TH |
Boston Rebels batting - Pitching for Maui Tropics : RHP John Burris
|
Now at 1B: José Rodríguez
|
|
Now at 2B: John Brown
|
|
Now in CF: Don Hull
|
|
Batting: RHB Gerardo Escobedo
|
0-0: Called Strike 0-1: Called Strike 0-2: Ball 1-2: Foul Ball, location: 2F 1-2: Foul Ball, location: 2F 1-2: Strikes out swinging
|
Batting: LHB Ricardo Brandariz
|
0-0: Foul Ball, location: 2F 0-1: Ball 1-1: Foul Ball, location: 2F 1-2: Foul Ball, location: 2F 1-2: Ground out 1-3 (Groundball, P)
|
Batting: RHB Alberto Ramos
|
0-0: Called Strike 0-1: Foul Ball, location: 2F 0-2: Strikes out swinging
|
Bottom of the 8th over - 0 run(s), 0 hit(s), 0 error(s), 0 left on base; Maui 5 - Boston 4 |
TOP OF THE 9TH |
Maui Tropics batting - Pitching for Boston Rebels : RHP Carlos Ruíz
|
Pitching: RHP Tony Rocha
|
|
Batting: RHB Ximena Campos
|
0-0: Called Strike 0-1: Fly out, F9 (Flyball, 9S)
|
Batting: RHB John Brown
|
0-0: Ball 1-0: Fly out, F7 (Flyball, 7)
|
Batting: RHB Matt Silver
|
0-0: Ball 1-0: Swinging Strike 1-1: Called Strike 1-2: Ground out 6-3 (Groundball, 6)
|
Top of the 9th over - 0 run(s), 0 hit(s), 0 error(s), 0 left on base; Maui 5 - Boston 4 |
BOTTOM OF THE 9TH |
Boston Rebels batting - Pitching for Maui Tropics : RHP John Burris
|
Batting: RHB Aaron Washington
|
0-0: Foul Ball, location: 2F 0-1: Ground out 5-3 (Groundball, 56S)
|
Batting: LHB Bill Wilson
|
0-0: Ball 1-0: Ball 2-0: Called Strike 2-1: SINGLE (Groundball, 4MD)
|
Batting: LHB Bill Wilson
|
0-0: Ball 1-0: Ground out 4-3 (Groundball, 34) Bill Wilson to second
|
Batting: LHB Lorenzo Flores
|
0-0: Ball 1-0: Fly out, F8 (Flyball, 8RM)
|
Bottom of the 9th over - 0 run(s), 1 hit(s), 0 error(s), 1 left on base; Maui 5 - Boston 4 |
|